 Seeded DCSS version 0.30-a0-134-gb40fab5c76 (webtiles) character file.

Game seed: 17990219230249953347 (custom seed)

2365 innerfire433 the Poker (level 9, -1/74 HPs)
             Began as a Demonspawn Monk on Sept 20, 2022.
             Was a Priest of Nemelex Xobeh.
             Killed by divine providence
             ... invoked by an orc priest
              (12 damage)
             ... on level 7 of the Dungeon.
             The game lasted 00:18:00 (6237 turns).

innerfire433 the Poker (Demonspawn Monk)            Turns: 6237, Time: 00:18:01

Health: -1/74      AC: 16    Str: 22    XL:     9   Next: 21%
Magic:  0/9        EV:  8    Int: 12    God:    Nemelex Xobeh [***...]
Gold:   230        SH:  5    Dex: 15    Spells: 8/8 levels left

rFire   . . .      SeeInvis .    d - +2 trident (venom)
rCold   . . .      Faith    .    j - +0 buckler
rNeg    . . .      Spirit   +    B - +2 plate armour {rPois}
rPois   +          Reflect  .    (no helmet)
rElec   .          Harm     .    (no cloak)
rCorr   .          Rampage  .    g - +0 pair of gloves
Will    .....                    A - +0 pair of boots
Stlth   ..........               w - amulet of guardian spirit
HPRegen 0.22/turn                n - +6 ring of strength
MPRegen 0.11/turn                (no ring)

@: no status effects
A: rugged brown scales 2, demonic guardian 1, weakness stinger 2
a: Renounce Religion, Draw Escape, Draw Destruction, Draw Summoning, Triple Draw


You were on level 7 of the Dungeon.
You worshipped Nemelex Xobeh.
Nemelex Xobeh was most pleased with you.
You visited 1 branch of the dungeon, and saw 7 of its levels.

You collected 338 gold pieces.
You spent 108 gold pieces at shops.

Inventory:

Hand Weapons
 a - a +0 spear
 d - a +2 trident of venom (weapon)
Armour
 b - a +0 robe
 c - a +2 robe of fire resistance
 g - a +0 pair of gloves (worn)
 j - a +0 buckler (worn)
 A - a +0 pair of boots (worn)
 B - a +2 plate armour of poison resistance (worn)
Jewellery
 n - a +6 ring of strength (left hand)
 w - an amulet of guardian spirit (around neck)
 y - an amulet of magic regeneration
Wands
 u - a wand of paralysis (2)
Scrolls
 f - 2 scrolls of teleportation
 i - a scroll of immolation
 l - a scroll of poison
 m - a scroll of magic mapping
 q - a scroll of fog {unknown}
 r - a scroll of blinking {unknown}
 s - 2 scrolls of torment {unknown}
 t - 2 scrolls of identify
 z - 2 scrolls of enchant weapon
Potions
 e - a potion of brilliance {unknown}
 h - a potion of flight
 o - a potion of invisibility
 p - a potion of cancellation {unknown}
 v - 2 potions of attraction {unknown}
 x - a potion of berserk rage {unknown}


   Skills:
 + Level 6.4 Fighting
 * Level 7.9 Polearms
 + Level 1.5 Armour
 - Level 5.5 Dodging
 - Level 1.7 Stealth
 + Level 4.1 Shields


You had 8 spell levels left.
You didn't know any spells.
Your spell library contained the following spells:

 Spells                   Type           Power      Damage    Failure   Level
 Apportation              Tloc           0%         N/A       100%        1
 Beastly Appendage        Tmut           0%         N/A       100%        1
 Freeze                   Ice            0%         1d3       100%        1
 Necrotise                Necr           0%         1d4       100%        1
 Summon Small Mammal      Summ           0%         N/A       100%        1
 Blink                    Tloc           0%         N/A       100%        2
 Wereblood                Tmut           0%         N/A       100%        2
 Frozen Ramparts          Ice            0%         1d1       100%        3
 Lesser Beckoning         Tloc           0%         N/A       100%        3
 Spider Form              Tmut/Pois      0%         N/A       100%        3
 Hailstorm                Conj/Ice       0%         3d3       100%        4
 Manifold Assault         Tloc           0%         N/A       100%        4


Dungeon Overview and Level Annotations

Branches:
Dungeon (7/15)             Temple (0/1) D:5

Altars:
Cheibriados
Fedhas
Nemelex Xobeh
Sif Muna
Trog
Wu Jian

Shops:
D:2 =*[=   D:3 [

Annotations:
D:2 Robin


Innate Abilities, Weirdness & Mutations

You are mostly covered in rugged brown scales. (AC +2, +5% HP)
A weak demonic guardian rushes to your aid.
You have a tail ending in a sharp stinger.


Message History

Your ufetubus barely misses the hobgoblin.
You draw a card...
You have drawn Velocity.
The killer bee seems to slow down.
The hobgoblin seems to slow down.
The killer bee seems to slow down.
The hobgoblin seems to slow down.
The killer bee seems to slow down.
You block the killer bee's attack. The gnoll barely misses your ufetubus.
Your ufetubus hits the hobgoblin.
The hobgoblin dies!
The killer bee closely misses you.
The goblin closely misses your ufetubus.
The killer bee attacks as you move away!
The killer bee barely misses you.
Your ufetubus closely misses the killer bee.
Your ufetubus misses the killer bee.
The orc completely misses your ufetubus.
The gnoll completely misses your ufetubus.
The killer bee closely misses you.
The goblin hits your ufetubus but does no damage.
Your ufetubus closely misses the killer bee.
Your ufetubus hits the killer bee.
The killer bee dies!
Your ufetubus barely misses the gnoll. x2
The killer bee stings you but does no damage.
The orc completely misses your ufetubus.
Your ufetubus closely misses the gnoll.
Your ufetubus hits the gnoll but does no damage.
The gnoll hits your ufetubus. The killer bee stings your ufetubus.
The hobgoblin throws a stone.
You block the stone.
Your ufetubus hits the gnoll.
Your ufetubus hits the gnoll but does no damage.
The goblin throws a stone.
You block the stone.
The killer bee attacks as you move away!
The killer bee stings you but does no damage.
The killer bee barely misses your ufetubus.
The orc hits your ufetubus with a +0 falchion!
Your ufetubus dies!
Your ufetubus disappears in a puff of smoke!
The orc priest mumbles some strange prayers to Beogh against you.
Beogh smites you!
You die...
Your body glows slightly and disappears.

###.... #.# ...!...
#...... #.##........
#......##...o.......
........o..#o##....
#.........oy.....#
#.........(g.....#
............gg...#
#................####..
............o.y@.......
#......##############..
#...... #######


You could see 2 orc warriors, 2 killer bees, an orc priest (slow), a gnoll
(slow), 2 orcs, a hobgoblin (slow) and a goblin.

Vanquished Creatures
  Sigmund (D:2)
  A wyvern (D:6)
  A water moccasin (D:7)
  An orc warrior (D:6)
  An ice beast (D:5)
  The ghost of ragingrage the Poker, an amateur DsCK of Xom (D:3)
  A centaur (D:7)
  A kobold brigand (D:7)
  A scorpion (D:4)
  2 killer bees (D:7)
  6 hounds
  2 iron imps (D:5)
  A jelly (D:6)
  6 iguanas
  Terence (D:2)
  2 orc wizards
  4 gnolls (D:5)
  7 adders
  A shadow imp (D:6)
  2 white imps
  2 ufetubi
  A worm (D:5)
  2 dart slugs (D:4)
  19 orcs
  7 endoplasms
  3 giant cockroaches
  11 goblins
  15 hobgoblins
  5 jackals
  9 kobolds
  5 quokkas
  8 ball pythons
  5 bats
  A frilled lizard (D:1)
  6 rats
142 creatures vanquished.

Vanquished Creatures (collateral kills)
  Prince Ribbit (D:5)
  A fire bat (D:5)
  An ice beast (D:5)
  A gnoll sergeant (D:5)
  A necrophage (D:5)
  A killer bee (D:7)
  A quasit (D:5)
  An iron imp (D:5)
  An iguana (D:7)
  An orc wizard (D:5)
  An adder (D:5)
  4 gnolls (D:5)
  2 orcs (D:5)
  A hobgoblin (D:7)
  A quokka (D:5)
  A bat (D:5)
  A rat (D:5)
21 creatures vanquished.

Grand Total: 163 creatures vanquished

Notes
Turn   | Place    | Note
-------+----------+-------------------------------------------
     0 | D:1      | innerfire433 the Demonspawn Monk began the quest for the
                  | Orb.
     0 | D:1      | Reached XP level 1. HP: 18/18 MP: 1/1
   280 | D:1      | Reached skill level 3 in Polearms
   280 | D:1      | Gained mutation: You are partially covered in rugged brown
                  | scales. (AC +1, +3% HP) [demonic ancestry]
   280 | D:1      | Reached XP level 2. HP: 14/24 MP: 2/2
  1131 | D:2      | Noticed Robin
  1136 | D:2      | Noticed Sigmund
  1144 | D:2      | Found Unelaong's Jewellery Emporium.
  1145 | D:2      | Gained mutation: You are mostly covered in rugged brown
                  | scales. (AC +2, +5% HP) [demonic ancestry]
  1145 | D:2      | Reached XP level 3. HP: 6/30 MP: 3/3
  1146 | D:2      | Found Kesoowipa's Armour Shop.
  1151 | D:2      | HP: 1/30 [poisoned by an adder]
  1293 | D:2      | Killed Sigmund
  1294 | D:2      | Reached skill level 4 in Polearms
  1294 | D:2      | Reached XP level 4. HP: 26/38 MP: 4/4
  1294 | D:2      | Reached XP level 5. HP: 30/44 MP: 5/5
  1294 | D:2      | Found Hiojumir's Jewellery Boutique.
  1361 | D:2      | Found Cenax's General Store.
  1361 | D:2      | Noticed Terence
  1372 | D:2      | Killed Terence
  2028 | D:2      | Found a sparkling altar of Nemelex Xobeh.
  2047 | D:2      | Became a worshipper of Nemelex Xobeh the Trickster
  2047 | D:2      | Reached * piety under Nemelex Xobeh
  2047 | D:2      | Received a gift from Nemelex Xobeh
  2047 | D:2      | Reached ** piety under Nemelex Xobeh
  2132 | D:2      | Bought a +0 buckler for 54 gold pieces
  2245 | D:3      | Found Imeics's Armour Boutique.
  2263 | D:3      | Reached XP level 6. HP: 50/50 MP: 6/6
  2403 | D:3      | Noticed ragingrage's ghost (amateur DsCK)
  2406 | D:3      | Found a transporter.
  2409 | D:3      | Found a transporter.
  2457 | D:3      | Found an ornate altar of the Wu Jian Council.
  2523 | D:3      | Found a bloodstained altar of Trog.
  2687 | D:3      | Found a shimmering blue altar of Sif Muna.
  2914 | D:3      | Killed ragingrage's ghost
  2918 | D:3      | Reached skill level 5 in Polearms
  3167 | D:2      | Bought a +0 pair of gloves for 54 gold pieces
  3239 | D:4      | Reached skill level 1 in Shields
  3658 | D:4      | Received a gift from Nemelex Xobeh
  3669 | D:4      | Gained mutation: You have a small tail. [demonic ancestry]
  3669 | D:4      | Reached XP level 7. HP: 55/57 MP: 7/7
  4011 | D:5      | Entered Level 5 of the Dungeon
  4029 | D:5      | Reached *** piety under Nemelex Xobeh
  4048 | D:5      | Reached skill level 5 in Fighting
  4101 | D:5      | Noticed Prince Ribbit
  4111 | D:5      | Killed Prince Ribbit
  4112 | D:5      | Reached skill level 6 in Polearms
  4112 | D:5      | Gained mutation: You have a tail ending in a sharp stinger.
                  | [demonic ancestry]
  4112 | D:5      | Reached XP level 8. HP: 46/65 MP: 8/8
  4258 | D:5      | Noticed Pikel
  4262 | D:5      | Paralysed by Pikel for 2 turns
  4264 | D:5      | Pikel changed into Pikel the water moccasin
  4264 | D:5      | Noticed Pikel
  4274 | D:5      | Pikel the water moccasin changed into Pikel the hound
  4274 | D:5      | Noticed Pikel
  4278 | D:5      | Killed Pikel the hound
  4279 | D:5      | Reached skill level 5 in Dodging
  4391 | D:5      | Found a blossoming altar of Fedhas.
  4437 | D:5      | Noticed a red devil
  4443 | D:5      | a red devil changed into a rust devil
  4443 | D:5      | Noticed a rust devil
  4657 | D:5      | Found a staircase to the Ecumenical Temple.
  5004 | D:6      | Reached skill level 7 in Polearms
  5677 | D:6      | Found a snail-covered altar of Cheibriados.
  5773 | D:6      | Received a gift from Nemelex Xobeh
  6104 | D:7      | Gained mutation: A weak demonic guardian rushes to your
                  | aid. [demonic ancestry]
  6104 | D:7      | Reached XP level 9. HP: 51/72 MP: 7/9
  6130 | D:7      | Reached skill level 1 in Armour
  6237 | D:7      | Killed from afar by an orc priest

Illustrated notes

Levels and vault maps discovered:
D:1:      nicolae_arrival_memento_mori, layout_loops_ring, bh_walls_and_bars
D:2:      layout_loops_ring, serial_shops, shop, nicolae_shop_waterfront,
          nicolae_shop_crystal, shop_statue, basic_altar, uniq_robin,
          uniq_sigmund, uniq_terence
D:3:      layout_basic, trog_hazing_becter, mainiacjoe_overflow_catwalk,
          nicolae_sif_muna_little_library, gammafunk_ghost_arena, serial_shops,
          nicolae_diamond_shop
D:4:      layout_basic
D:5:      layout_cave_pools, fedhas_altar_1, minmay_temple_entry_junction_2,
          uniq_prince_ribbit1, uniq_pikel
D:6:      layout_loops_cross, mainiacjoe_overflow_chevrons
D:7:      layout_rooms, okawaru_altar_gauntlet_db, nicolae_vehumet_radiance,
          serial_corexii_hall, corexii_hall_statues_l,
          chequers_hall_statues_corner_a

Skill      XL: |  1  2  3  4  5  6  7  8  9 |
---------------+----------------------------+-----
Polearms       | 3 4 5 6 7 |  7.9
Dodging        | 3 4 5 |  5.5
Fighting       | 4 5 6 |  6.4
Shields        | 1 2 3 4 |  4.1
Armour         | 1 |  1.5
Stealth        | |  1.7

Action                   |  1- 3 |  4- 6 |  7- 9 || total
-------------------------+-------+-------+-------++-------
Melee: Spear             |    45 |       |       ||    45
       Trident           |    36 |   170 |   182 ||   388
       Punch             |     2 |       |       ||     2
       Tailslap          |       |       |    25 ||    25
Invok: Draw Destruction  |       |       |    10 ||    10
       Draw Summoning    |       |       |     4 ||     4
       Draw Escape       |       |       |     2 ||     2
  Use: Scroll            |     2 |     6 |     2 ||    10
       Potion            |     1 |     2 |     5 ||     8
 Stab: Sleeping          |     3 |     8 |     2 ||    13
       Distracted        |       |       |     2 ||     2
Armor: Robe              |    16 |    50 |    61 ||   127
       Plate armour      |       |       |    69 ||    69
Dodge: Dodged            |    46 |   111 |   168 ||   325
Block: Buckler           |       |    24 |    76 ||   100

Table legend: (Time is in decaauts)
 A = Elapsed time spent in this place.
 B = Non-inter-level travel time spent in this place.
 C = Inter-level travel time spent in this place.
 D = Time resting spent in this place.
 E = Time spent auto-exploring this place.
 F = Levels seen in this place.
 G = Mean time per level.
                   A        B        C        D        E       F      G
               +--------+--------+--------+--------+--------+-----+--------+
         Total |   6255 |   5874 |    381 |      0 |   4667 |   7 |  893.6 |
       Dungeon |   6255 |   5874 |    381 |      0 |   4667 |   7 |  893.6 |
               +--------+--------+--------+--------+--------+-----+--------+

Top non-repeatable levels by time:
     D:2: 1259 daAuts
     D:6: 1078 daAuts
     D:1: 1054 daAuts
     D:5: 987 daAuts
     D:3: 926 daAuts
     D:4: 789 daAuts
     D:7: 158 daAuts
